 Dungeon Crawl Stone Soup version 0.24.0-13-gcf9b3192b9 (webtiles) character file.

Game seed: 9492249179719678061, levelgen mode: deterministic

735 H0rd4k the Thaumaturge (level 7, -10/37 HPs)
             Began as a Deep Elf Wizard on Nov 6, 2019.
             Mangled by an ice beast (12 damage)
             ... on level 5 of the Dungeon.
             The game lasted 00:12:30 (5728 turns).

H0rd4k the Thaumaturge (Deep Elf Wizard)            Turns: 5728, Time: 00:12:36

Health: -10/37     AC:  5    Str:  6    XL:     7   Next: 45%
Magic:  3/21       EV: 13    Int: 23    God:
Gold:   174        SH:  0    Dex: 13    Spells: 14/23 levels left

rFire    . . .     SeeInvis .   (no weapon)
rCold    . . .     Gourm    .   (no shield)
rNeg     . . .     Faith    .   a - +0 robe
rPois    .         Spirit   .   b - +0 hat
rElec    .         Reflect  .   (no cloak)
rCorr    .         Harm     .   (no gloves)
MR       .....                  (no boots)
Stlth    ++........             (no amulet)
HPRegen  0.12/turn              e - +3 ring of protection
MPRegen  0.17/turn              (no ring)

@: no status effects
A: no striking features
a: no special abilities


You were on level 5 of the Dungeon.
You were not hungry.

You visited 1 branch of the dungeon, and saw 5 of its levels.

You collected 174 gold pieces.

Inventory:

Hand Weapons
 v - a +4 short sword
Missiles
 q - 5 atropa-tipped darts (quivered)
Armour
 a - a +0 robe (worn)
 b - a +0 hat (worn)
Jewellery
 e - a +3 ring of protection (left hand)
 l - a cursed -2 ring of intelligence {unknown}
 m - an uncursed ring of fire {unknown}
 x - an uncursed amulet of the acrobat {unknown}
Wands
 p - a wand of paralysis (1)
Scrolls
 f - a scroll of enchant weapon
 h - 8 scrolls of identify {unknown}
 n - 3 scrolls of fog {unknown}
 o - a scroll of remove curse {unknown}
 s - a scroll of random uselessness {unknown}
 t - 2 scrolls of fear {unknown}
 w - a scroll of teleportation {unknown}
Potions
 c - 3 potions of lignification {unknown}
 g - 3 potions of flight {unknown}
 i - 4 potions of curing {unknown}
 j - a potion of cancellation {unknown}
 k - 3 potions of heal wounds {unknown}
 r - a potion of berserk rage {unknown}
 u - a potion of invisibility {unknown}
Comestibles
 d - 2 rations
 z - 2 chunks of flesh


   Skills:
 + Level 0.7 Fighting
 + Level 3.6 Dodging
 + Level 4.0 Stealth
 + Level 8.9 Spellcasting
 + Level 4.6 Conjurations
   Level 1.1 Summonings
 + Level 1.4 Translocations
 + Level 1.0 Fire Magic


You had 14 spell levels left.
You knew the following spells:

 Your Spells              Type           Power        Failure   Level  Hunger
a - Magic Dart            Conj           ####         1%          1    None
b - Blink                 Tloc           N/A          5%          2    None
c - Conjure Flame         Conj/Fire      ###.....     6%          3    None
d - Mephitic Cloud        Conj/Pois/Air  ###.....     10%         3    None

Your spell library contained the following spells:

 Spells                   Type           Power        Failure   Level  Hunger
 Call Imp                 Summ           ###.....     6%          2    None
 Slow                     Hex            ##......     10%         2    None


Dungeon Overview and Level Annotations

Branches:
Dungeon (5/15)
 Temple: D:4-7

Altars:
Ashenzari
Hepliaklqana
Nemelex Xobeh
Qazlal
Sif Muna
Trog
Uskayaw
Vehumet
The Shining One

Shops:
D:5 [

Portals:
Sewer: D:5

Annotations:
D:2 exclusions: downstairs and 1 more exclusion, Terence
D:3 exclusion: downstairs, Sigmund
D:4 exclusion: downstairs


Message History

Casting: Blink (safe; 5% risk of failure)
Confirm with . or Enter, or press ? or * to list all spells.
Okay, then.
Unknown command.
Evoke which item? (* to show all) (? for menu, Esc to quit)
Okay, then.
Unknown command.
Unknown command.
Unknown command.
Unknown command.
As you read the scroll labeled AROGUKI OGHA, it crumbles to dust.
It is a scroll of enchant weapon.
Your +3 short sword glows red for a moment.
The orc wizard gestures wildly while chanting.
The orc wizard flickers and vanishes!
Deactivating autopickup; reactivate with Ctrl-A.
The ice beast hits you.
* * * LOW HITPOINT WARNING * * *
The ice beast freezes you!
You die...

.<.....### ##.##.######.## #
.....#.#.###......#####.# ##
.....#..#o.o............# #.
.......#....≈#.o{.####### #.
...%.##....≈†###.## #.
.######†.≈≈≈≈# #r# #. . #.≈≈≈≈†#
#l# #. . ##≈≈≈≈∩# #Y# #. #######
#@# #. #.#.# #...##### #. #.#.#
#####...## #. #.#.#
##.....########. #.#.#
###.......#....... #.#.#
#....._...#######. #.#.#
#.#.......# #. #### #.#.#
#.##.....### #.
...#####.#.#####.###...##.######÷


You could see an ice beast, an iguana, an orc priest and a river rat.

Vanquished Creatures
  A phantom (D:4)
  An ogre (D:4)
  A centaur (D:5)
  A bullfrog (D:5)
  A crimson imp (D:5)
  2 hounds (D:5)
  A centaur skeleton (D:4)
  An orc wizard (D:5)
  An iguana (D:4)
  A worker ant (D:4)
  Ijyb (D:3)
  Robin (D:1)
  3 gnolls
  4 adders
  An ooze (D:1)
  2 worms (D:5)
  A dart slug (D:1)
  5 leopard geckos
  9 orcs
  A ball python (D:5)
  3 giant cockroaches
  19 goblins
  8 hobgoblins
  3 jackals (D:2)
  A quokka (D:5)
  9 bats
  4 frilled lizards
  A jackal skeleton (D:5)
  2 jackal zombies (D:5)
  11 kobolds
  A leopard gecko skeleton (D:4)
  2 leopard gecko zombies (D:5)
  13 rats
116 creatures vanquished.

Notes
Turn   | Place    | Note
-------+----------+-------------------------------------------
     0 | D:1      | H0rd4k the Deep Elf Wizard began the quest for the Orb.
     0 | D:1      | Reached XP level 1. HP: 10/10 MP: 7/7
   170 | D:1      | Reached XP level 2. HP: 12/15 MP: 0/9
   294 | D:1      | Reached skill level 5 in Spellcasting
   620 | D:1      | Reached XP level 3. HP: 15/19 MP: 0/11
  1168 | D:2      | Noticed Robin
  1279 | D:2      | Learned a level 2 spell: Blink
  1283 | D:2      | Learned a level 3 spell: Conjure Flame
  1287 | D:2      | Learned a level 3 spell: Mephitic Cloud
  1608 | D:2      | Reached XP level 4. HP: 24/24 MP: 6/13
  1749 | D:2      | Found a faded altar of an unknown god.
  1792 | D:2      | Found a sparkling altar of Nemelex Xobeh.
  1825 | D:2      | Reached skill level 6 in Spellcasting
  1950 | D:2      | Noticed Terence
  2548 | D:1      | Killed Robin
  2718 | D:3      | Noticed Sigmund
  2825 | D:4      | Noticed a phantom
  3094 | D:3      | Reached XP level 5. HP: 18/28 MP: 2/16
  3251 | D:3      | Found a hide-covered altar of Uskayaw.
  3257 | D:3      | Noticed Ijyb
  3262 | D:3      | Paralysed by Ijyb for 3 turns
  3270 | D:3      | Paralysed by Ijyb for 5 turns
  3290 | D:3      | Killed Ijyb
  3643 | D:3      | Found a stormy altar of Qazlal.
  3643 | D:3      | Found a glowing golden altar of the Shining One.
  3898 | D:4      | Reached skill level 7 in Spellcasting
  3997 | D:4      | Found a hazy altar of Hepliaklqana.
  4231 | D:4      | Found a radiant altar of Vehumet.
  4231 | D:4      | Found a shimmering blue altar of Sif Muna.
  4333 | D:4      | Reached XP level 6. HP: 29/32 MP: 13/18
  4496 | D:4      | Reached skill level 8 in Spellcasting
  4974 | D:5      | Entered Level 5 of the Dungeon
  5095 | D:5      | Reached XP level 7. HP: 33/37 MP: 8/20
  5193 | D:5      | Noticed a moth of wrath
  5195 | D:5      | Found a bloodstained altar of Trog.
  5500 | D:5      | Reached skill level 1 in Fire Magic
  5508 | D:5      | Found a shattered altar of Ashenzari.
  5692 | D:5      | Found a glowing drain.
  5692 | D:5      | Found Qumom's Antique Armour Shoppe.
  5728 | D:5      | Mangled by an ice beast

Levels and vault maps discovered:
D:1:      minmay_arrival_solitary_statue, layout_basic
D:2:      layout_basic, nicolae_overflow_hidden_temple,
          chequers_ecumenical_altar_simple, first_ration, st_stairs_4,
          minmay_misc_feat_pillars, columned_hall_lemuel, lemuel_flame_loot_1,
          uniq_terence, uniq_robin
D:3:      layout_basic, eat_drink_and_be_merry_uskayaw,
          gammafunk_temple_overflow_elements, uniq_sigmund, uniq_ijyb
D:4:      layout_loops_corners, nicolae_overflow_crystal_walls,
          gammafunk_temple_overflow_wave
D:5:      layout_loops_ring, lemuel_crystal_altar, tgw_trog, lemuel_round_altar,
          minmay_temple_entry_proselytizer, serial_shops, shop_coins,
          portal_sewer_entry_b, minmay_manual_moon

Skill      XL: |  1  2  3  4  5  6  7 |
---------------+----------------------+-----
Spellcasting   | 5 6 7 8 |  8.9
Dodging        | 3 |  3.6
Conjurations   | 2 3 4 |  4.6
Stealth        | 3 4 |  4.0
Fire Magic     | 1 |  1.0
Fighting       | |  0.7
Summonings     | |  1.1
Translocations | |  1.4

Action                   |  1- 3 |  4- 6 |  7- 9 || total
-------------------------+-------+-------+-------++-------
 Cast: Magic Dart        |   109 |   167 |    64 ||   340
       Conjure Flame     |       |     6 |     4 ||    10
       Blink             |       |     2 |     4 ||     6
  Use: Scroll            |       |       |     1 ||     1
  Eat: Chunk             |     2 |     8 |     1 ||    11
       Ration            |       |     1 |       ||     1
Armor: Robe              |     9 |    14 |    18 ||    41
Dodge: Dodged            |    34 |    36 |    23 ||    93
